Canucks vs Blues
(R2)
Created - October 22, 2018 at 19:26
Goals
|
| Canucks |
4 |
3 |
2 |
9 |
| Blues |
2 |
2 |
2 |
6 |
|
Shots
|
| Canucks |
12 |
12 |
13 |
37 |
| Blues |
10 |
12 |
12 |
34 |
|
1st period
1. Canucks , Peter Worrell 1 (Jamie McBain 2) at 9:33 (PP)
2. Canucks , Chris Higgins 3 (Alex Goligoski 3, Mike Ribeiro 2) at 9:41
3. Blues , Nicklas Backstrom 2 (Jake Gardiner 2, David Perron 3) at 10:30
4. Canucks , Danny DeKeiser 1 (Matt Stajan 5) at 13:01 (PP)
5. Blues , Travis Zajac 3 (Alex Pietrangelo 7, Bryce Lampman 2) at 14:03
6. Canucks , Mike Ribeiro 2 (Brad Boyes 2, Chris Higgins 4) at 14:58 (PP)
Penalties :
Nick Leddy (STL) for Roughing (Minor) at 3:01, Patrick Kaleta (STL) for Tripping (Minor) at 7:40, Linus Omark (STL) for Cross-checking (Minor) at 11:05, Travis Zajac (STL) for Hooking (Minor) at 14:43
2nd period
7. Blues , Travis Zajac 4 (Alex Pietrangelo 8, Nicklas Backstrom 6) at 3:23
8. Canucks , Matt Stajan 2 (Clarke MacArthur 3, Jamie McBain 3) at 3:55
9. Blues , Jason Pominville 2 (Alex Pietrangelo 9) at 4:14
10. Canucks , Brad Boyes 3 (Mike Ribeiro 3) at 8:41 (PP)
11. Canucks , Brad Boyes 4 (Chris Higgins 5, Jamie McBain 4) at 10:02 (PP)
Penalties :
Filip Forsberg (STL) for Elbowing (Minor) at 8:01, David Perron (STL) for Hooking (Minor) at 9:46, Jason Pominville (STL) for Interference (Minor) at 16:46
3rd period
12. Blues , Patrick Kaleta 1 (Filip Forsberg 1) at 2:33
13. Blues , Jason Pominville 3 (Nicklas Backstrom 7) at 12:58
14. Canucks , Alex Goligoski 2 (Chris Higgins 6) at 13:14
15. Canucks , Jamie McBain 2 (Chris Higgins 7, Brad Boyes 3) at 14:12 (PP)
Penalties :
Jake Gardiner (STL) for Holding (Minor) at 4:54, Nick Leddy (STL) for Hooking (Minor) at 14:03
Goalie Stats
Michal Neuvirth (Van), 28 saves from 34 shots - (0.824), W, 2-3-0, 60:00 minutes
Carey Price (STL), 4 saves from 8 shots - (0.500), 14:58 minutes
Ray Emery (STL), 24 saves from 29 shots - (0.828), L, 0-1-0, 45:02 minutes
Players Stats for Canucks
Player Name G A P +/- PIM S H SB GA TA FO MP PP MP PK MP
------------------------------------------------------------------------------------
Alex Goligoski 1 1 2 0 0 3 0 0 4 0 0/0 28:59 7:29 0:00
Brad Boyes 2 2 4 0 0 4 1 0 0 1 0/1 23:42 6:51 0:00
Chris Campoli 0 0 0 -1 0 1 3 1 0 0 0/0 11:05 0:03 0:00
Chris Higgins 1 4 5 0 0 4 3 1 0 0 2/3 23:42 6:51 0:00
Clarke MacArthur 0 1 1 -1 0 2 0 0 0 0 0/0 16:36 4:08 0:00
Danny DeKeiser 1 0 1 -2 0 1 0 0 1 1 0/0 20:09 3:34 0:00
Jamie McBain 1 3 4 -2 0 6 1 2 0 0 0/0 24:45 7:32 0:00
Jiri Hudler 0 0 0 -1 0 0 1 0 0 0 1/1 16:36 4:08 0:00
Johan Franzen 0 0 0 -1 0 0 1 0 0 0 0/0 9:14 0:07 0:00
Ladislav Smid 0 0 0 -1 0 1 0 0 0 0 0/0 10:57 0:00 0:00
Martins Karsums 0 0 0 -1 0 1 1 0 0 0 0/0 10:28 0:00 0:00
Matt Stajan 1 1 2 -1 0 2 1 0 0 0 6/8 16:36 4:08 0:00
Maxim Lapierre 0 0 0 -1 0 0 0 0 0 0 1/3 10:35 0:07 0:00
Mike Ribeiro 1 2 3 0 0 7 2 0 0 0 25/39 23:42 6:51 0:00
Nik Antropov 0 0 0 -1 0 1 1 0 0 0 1/3 9:07 0:00 0:00
Peter Worrell 1 0 1 -1 0 1 0 0 1 0 0/0 10:35 0:07 0:00
Ryan Hollweg 0 0 0 -1 0 2 0 0 0 0 0/0 9:07 0:00 0:00
Steve Montador 0 0 0 0 0 1 3 3 0 0 0/0 24:05 3:34 0:00
Players Stats for Blues
Player Name G A P +/- PIM S H SB GA TA FO MP PP MP PK MP
------------------------------------------------------------------------------------
Alex Pietrangelo 0 3 3 3 0 3 2 1 0 0 0/0 28:27 0:00 6:57
Bryce Lampman 0 1 1 1 0 1 1 0 0 2 0/0 24:46 0:00 6:09
Cody Ceci 0 0 0 -1 0 1 1 0 0 0 0/0 11:36 0:00 1:39
David Perron 0 1 1 2 2 2 3 0 0 3 0/0 20:12 0:00 2:19
Filip Forsberg 0 1 1 0 2 3 1 0 0 0 0/0 10:14 0:00 0:29
George Parros 0 0 0 0 0 1 0 0 1 0 0/0 6:52 0:00 0:00
Jake Gardiner 0 1 1 3 2 0 2 1 0 0 0/0 23:59 0:00 3:18
Jason Pominville 2 0 2 2 2 2 1 1 0 0 1/3 17:53 0:00 0:00
Linus Omark 0 0 0 0 2 0 2 0 0 0 0/0 7:21 0:00 0:07
Logan Couture 0 0 0 0 0 1 2 0 0 0 5/16 15:32 0:00 5:46
Milan Michalek 0 0 0 1 0 1 1 1 0 0 0/0 17:23 0:00 3:24
Nick Leddy 0 0 0 1 4 1 0 0 0 0 0/0 16:23 0:00 0:00
Nicklas Backstrom 1 2 3 2 0 3 1 0 0 0 12/25 19:43 0:00 1:49
Patrick Kaleta 1 0 1 0 2 5 3 0 0 0 1/2 14:32 0:00 4:47
Sergei Shirokov 0 0 0 1 0 3 0 0 0 0 1/1 13:53 0:00 0:00
Tomas Plekanec 0 0 0 0 0 2 1 1 0 0 1/2 7:29 0:00 0:14
Travis Zajac 2 0 2 1 2 3 2 0 0 0 1/9 17:15 0:00 3:17
Yann Sauvé 0 0 0 -1 0 2 3 1 1 1 0/0 15:15 0:00 4:09
3 Stars
1 - Chris Higgins (Van)
2 - Brad Boyes (Van)
3 - Mike Ribeiro (Van)
Power Play
Canucks - 6 on 9 Attempt(s) - 66.67%
Blues - 0 on 0 Attempt(s) - 0.00%
Penalty Kill
Canucks - 0 on 0 Attempt(s) - 0.00%
- Score 0 goal in Penalty Kill
Blues - 3 on 9 Attempt(s) - 33.33%
- Score 0 goal in Penalty Kill
Team Stat
Canucks - Hits : 18 - Faceoff Wins : 36 - Blocked Shots : 7 - Penalty Minutes : 0
Blues - Hits : 26 - Faceoff Wins : 22 - Blocked Shots : 6 - Penalty Minutes : 18
Official
Referees : Unknown
Linesman : Unknown
Game Notes
Ray Emery enters game at 14:58 of 1st period
Finance
Level 1 -- Attendance: 5657 (94.28%) -- Ticket Income $503,473
Level 2 -- Attendance: 4926 (98.52%) -- Ticket Income $280,782
Level 3 -- Attendance: 1716 (85.80%) -- Ticket Income $60,060
Level 4 -- Attendance: 3425 (85.63%) -- Ticket Income $82,200
Luxury Box -- Attendance: 803 (80.30%) -- Ticket Income $139,722
Game was played at the Scotttrade center.
Total Attendance: 16527 (91.82%)
Total Ticket Income: $1,066,237
Other Income: $159,936
Total Income: $1,226,173
Canucks
5 vs 5 Forward
Center Left Wing Right Wing Time % Phy DF OF
1 Mike Ribeiro Chris Higgins Brad Boyes 52 0 1 4
2 Matt Stajan Clarke MacArthur Jiri Hudler 35 0 1 4
3 Maxim Lapierre Peter Worrell Martins Karsums 10 1 2 2
4 Nik Antropov Ryan Hollweg Johan Franzen 3 0 3 2
5 vs 5 Defense
Defense Defense Time % Phy DF OF
1 Alex Goligoski Steve Montador 50 0 1 4
2 Jamie McBain Danny DeKeiser 33 0 2 3
3 Chris Campoli Ladislav Smid 10 0 3 2
4 Alex Goligoski Danny DeKeiser 7 0 2 3
PowerPlay Forward
Center Left Wing Right Wing Time % Phy DF OF
1 Mike Ribeiro Chris Higgins Brad Boyes 80 0 0 5
2 Matt Stajan Clarke MacArthur Jiri Hudler 20 0 0 5
PowerPlay Defense
Defense Defense Time % Phy DF OF
1 Alex Goligoski Jamie McBain 70 0 0 5
2 Steve Montador Danny DeKeiser 30 0 0 5
Penalty Kill 4 Players Forward
Center Wing Time % Phy DF OF
1 Matt Stajan Clarke MacArthur 60 0 3 2
2 Mike Ribeiro Maxim Lapierre 40 0 3 2
Penalty Kill 4 Players Defense
Defense Defense Time % Phy DF OF
1 Alex Goligoski Ladislav Smid 66 0 3 2
2 Steve Montador Jamie McBain 34 0 3 2
Penalty Kill - 3 Players Forward
Forward Time % Phy DF OF
1 Matt Stajan 60 0 3 2
2 Mike Ribeiro 40 0 3 2
Penalty Kill - 3 Players Defense
Defense Defense Time % Phy DF OF
1 Alex Goligoski Ladislav Smid 60 0 3 2
2 Steve Montador Jamie McBain 40 0 3 2
4 vs 4 Forward
Center Wing Time % Phy DF OF
1 Mike Ribeiro Brad Boyes 70 0 2 3
2 Matt Stajan Chris Higgins 30 1 2 2
4 vs 4 Defense
Defense Defense Time % Phy DF OF
1 Alex Goligoski Jamie McBain 60 0 1 4
2 Steve Montador Ladislav Smid 40 0 3 2
Last Minutes Offensive
Center Left Wing Right Wing Defense Defense
Mike Ribeiro Chris Higgins Brad Boyes Alex Goligoski Danny DeKeiser
Last Minutes Defensive
Center Left Wing Right Wing Defense Defense
Matt Stajan Clarke MacArthur Brad Boyes Alex Goligoski Ladislav Smid
Goaltenders
Starting : Michal Neuvirth
Backup : Alex Stalock
Extra Forwards
Normal : Mike Ribeiro, Matt Stajan, Brad Boyes - PP : Mike Ribeiro, Brad Boyes - PK : Matt Stajan
Extra Defensemen
Normal : Alex Goligoski, Jamie McBain, Ladislav Smid - PP : Jamie McBain - PK : Jamie McBain, Ladislav Smid
Penalty Shots
Brad Boyes, Chris Higgins, Clarke MacArthur, Maxim Lapierre, Mike Ribeiro
Scratches
None
Blues
5 vs 5 Forward
Center Left Wing Right Wing Time % Phy DF OF
1 Nicklas Backstrom David Perron Jason Pominville 40 1 2 2
2 Travis Zajac Milan Michalek Sergei Shirokov 30 1 2 2
3 Logan Couture Filip Forsberg Patrick Kaleta 20 1 2 2
4 Tomas Plekanec Linus Omark George Parros 10 1 2 2
5 vs 5 Defense
Defense Defense Time % Phy DF OF
1 Alex Pietrangelo Jake Gardiner 40 1 2 2
2 Bryce Lampman Nick Leddy 30 1 2 2
3 Yann Sauvé Cody Ceci 20 1 2 2
4 Alex Pietrangelo Bryce Lampman 10 1 2 2
PowerPlay Forward
Center Left Wing Right Wing Time % Phy DF OF
1 Nicklas Backstrom David Perron Jason Pominville 60 1 2 2
2 Travis Zajac Milan Michalek Sergei Shirokov 40 1 2 2
PowerPlay Defense
Defense Defense Time % Phy DF OF
1 Alex Pietrangelo Jake Gardiner 60 1 2 2
2 Nick Leddy Bryce Lampman 40 1 2 2
Penalty Kill 4 Players Forward
Center Wing Time % Phy DF OF
1 Logan Couture Patrick Kaleta 60 1 2 2
2 Travis Zajac Milan Michalek 40 1 2 2
Penalty Kill 4 Players Defense
Defense Defense Time % Phy DF OF
1 Alex Pietrangelo Bryce Lampman 60 1 2 2
2 Jake Gardiner Yann Sauvé 40 1 2 2
Penalty Kill - 3 Players Forward
Forward Time % Phy DF OF
1 Travis Zajac 60 1 2 2
2 Milan Michalek 40 1 2 2
Penalty Kill - 3 Players Defense
Defense Defense Time % Phy DF OF
1 Alex Pietrangelo Bryce Lampman 60 1 2 2
2 Jake Gardiner Yann Sauvé 40 1 2 2
4 vs 4 Forward
Center Wing Time % Phy DF OF
1 Nicklas Backstrom David Perron 60 1 2 2
2 Travis Zajac Jason Pominville 40 1 2 2
4 vs 4 Defense
Defense Defense Time % Phy DF OF
1 Alex Pietrangelo Bryce Lampman 60 1 2 2
2 Jake Gardiner Yann Sauvé 40 1 2 2
Last Minutes Offensive
Center Left Wing Right Wing Defense Defense
Nicklas Backstrom David Perron Jason Pominville Alex Pietrangelo Jake Gardiner
Last Minutes Defensive
Center Left Wing Right Wing Defense Defense
Travis Zajac Milan Michalek Patrick Kaleta Alex Pietrangelo Bryce Lampman
Goaltenders
Starting : Carey Price
Backup : Ray Emery
Extra Forwards
Normal : Logan Couture, George Parros, Patrick Kaleta - PP : Logan Couture, George Parros - PK : Patrick Kaleta
Extra Defensemen
Normal : Nick Leddy, Cody Ceci, Jake Gardiner - PP : Nick Leddy - PK : Cody Ceci, Jake Gardiner
Penalty Shots
David Perron, Nicklas Backstrom, Logan Couture, Travis Zajac, Milan Michalek
Scratches
None
% Time on Ice - Canucks
Lines # - Real PCT - Wanted PCT - Time Play
Normal Forward
1 - 34% - 52% - 16:51
2 - 25% - 35% - 12:28
3 - 21% - 10% - 10:28
4 - 19% - 3% - 9:07
Normal Defense
1 - 46% - 50% - 22:15
2 - 34% - 33% - 16:24
3 - 21% - 10% - 10:15
4 - 0% - 7% - 0:00
PP Forward
1 - 63% - 80% - 6:58
2 - 37% - 20% - 4:08
PP Defense
1 - 68% - 70% - 7:32
2 - 32% - 30% - 3:34
PK Forward
1 - 0% - 60%
2 - 0% - 40%
PK Defense
1 - 0% - 66%
2 - 0% - 34%
PK3 Forward
1 - 0% - 60%
2 - 0% - 40%
PK3 Defense
1 - 0% - 60%
2 - 0% - 40%
44 Forward
1 - 0% - 70%
2 - 0% - 30%
44 Defense
1 - 0% - 60%
2 - 0% - 40%
Last Minute Offensive - 0:00
Last Minute Defensive - 0:00
Total
Forward - 60:00
Defense - 60:00
|
% Time on Ice - Blues
Lines # - Real PCT - Wanted PCT - Time Play
Normal Forward
1 - 37% - 40% - 18:17
2 - 29% - 30% - 13:59
3 - 20% - 20% - 9:46
4 - 14% - 10% - 6:52
Normal Defense
1 - 39% - 40% - 19:11
2 - 35% - 30% - 17:02
3 - 21% - 20% - 10:06
4 - 5% - 10% - 2:35
PP Forward
1 - 0% - 60%
2 - 0% - 40%
PP Defense
1 - 0% - 60%
2 - 0% - 40%
PK Forward
1 - 70% - 60% - 7:49
2 - 30% - 40% - 3:17
PK Defense
1 - 63% - 60% - 6:57
2 - 37% - 40% - 4:09
PK3 Forward
1 - 0% - 60%
2 - 0% - 40%
PK3 Defense
1 - 0% - 60%
2 - 0% - 40%
44 Forward
1 - 0% - 60%
2 - 0% - 40%
44 Defense
1 - 0% - 60%
2 - 0% - 40%
Last Minute Offensive - 0:00
Last Minute Defensive - 0:00
Total
Forward - 60:00
Defense - 60:00
|
Play by Play
1st period
0:01 of 1st period - Nicklas Backstrom wins face-off versus Mike Ribeiro in neutral zone.
0:48 of 1st period - Snap shot by Filip Forsberg.
0:48 of 1st period - Stopped by Michal Neuvirth without a rebound.
0:49 of 1st period - Logan Couture wins face-off versus Maxim Lapierre in Canucks zone.
1:02 of 1st period - Nick Leddy is hit by Chris Campoli and loses puck.
1:59 of 1st period - Wrist shot by Patrick Kaleta.
1:59 of 1st period - Shot Misses the Net.
2:01 of 1st period - Snap shot by Patrick Kaleta.
2:01 of 1st period - Stopped by Michal Neuvirth with a rebound.
2:33 of 1st period - Snap shot by Patrick Kaleta.
2:33 of 1st period - Shot Blocked by Chris Campoli.
2:45 of 1st period - Ladislav Smid is hit by Logan Couture and loses puck.
3:01 of 1st period - Minor Penalty to Nick Leddy for Roughing.
3:02 of 1st period - Mike Ribeiro wins face-off versus Travis Zajac in Blues zone.
3:04 of 1st period - Slapshot by Chris Higgins.
3:04 of 1st period - Shot Misses the Net.
3:06 of 1st period - Snap shot by Chris Higgins.
3:06 of 1st period - Shot Blocked by Yann Sauvé.
5:01 of 1st period - Penalty to Nick Leddy is over, Nick Leddy is back on ice.
5:05 of 1st period - Alex Pietrangelo is hit by Steve Montador and loses puck.
5:16 of 1st period - Nick Leddy is hit by Johan Franzen and loses puck.
7:00 of 1st period - Steve Montador is hit by Cody Ceci and loses puck.
7:40 of 1st period - Minor Penalty to Patrick Kaleta for Tripping.
7:41 of 1st period - Logan Couture wins face-off versus Mike Ribeiro in Blues zone.
7:54 of 1st period - Mike Ribeiro is hit by Logan Couture and loses puck.
8:09 of 1st period - Slapshot by Jiri Hudler.
8:09 of 1st period - Shot Misses the Net.
8:47 of 1st period - Mike Ribeiro is hit by Travis Zajac and loses puck.
9:00 of 1st period - Steve Montador is hit by David Perron and loses puck.
9:33 of 1st period - Wrist shot by Peter Worrell.
9:33 of 1st period - Goal by Peter Worrell - Canucks : 1 - Blues : 0.
9:34 of 1st period - Mike Ribeiro wins face-off versus Travis Zajac in neutral zone.
9:41 of 1st period - Wrist shot by Chris Higgins.
9:41 of 1st period - Goal by Chris Higgins - Canucks : 2 - Blues : 0.
9:42 of 1st period - Nicklas Backstrom wins face-off versus Mike Ribeiro in neutral zone.
9:53 of 1st period - Slapshot by Alex Goligoski.
9:53 of 1st period - Shot Misses the Net.
10:03 of 1st period - Jake Gardiner is hit by Steve Montador and loses puck.
10:26 of 1st period - Wrist shot by Nicklas Backstrom.
10:26 of 1st period - Shot Blocked by Steve Montador.
10:30 of 1st period - Snap shot by Nicklas Backstrom.
10:30 of 1st period - Goal by Nicklas Backstrom - Canucks : 2 - Blues : 1.
10:31 of 1st period - Matt Stajan wins face-off versus Travis Zajac in neutral zone.
11:05 of 1st period - Minor Penalty to Linus Omark for Cross-checking.
11:06 of 1st period - Chris Higgins wins face-off versus Logan Couture in Blues zone.
11:06 of 1st period - Wrist shot by Brad Boyes.
11:06 of 1st period - Shot Misses the Net.
11:20 of 1st period - Snap shot by Mike Ribeiro.
11:20 of 1st period - Shot Misses the Net.
11:22 of 1st period - Snap shot by Chris Higgins.
11:22 of 1st period - Stopped by Carey Price without a rebound.
11:23 of 1st period - Logan Couture wins face-off versus Mike Ribeiro in Blues zone.
11:23 of 1st period - Logan Couture is hit by Chris Higgins.
11:37 of 1st period - Slapshot by Jamie McBain.
11:37 of 1st period - Stopped by Carey Price without a rebound.
11:38 of 1st period - Mike Ribeiro wins face-off versus Logan Couture in Blues zone.
11:41 of 1st period - Snap shot by Mike Ribeiro.
11:41 of 1st period - Stopped by Carey Price without a rebound.
11:42 of 1st period - Logan Couture wins face-off versus Mike Ribeiro in Blues zone.
12:38 of 1st period - Slapshot by Alex Pietrangelo.
12:38 of 1st period - Stopped by Michal Neuvirth with a rebound.
12:47 of 1st period - Icing by Matt Stajan.
12:48 of 1st period - Matt Stajan wins face-off versus Travis Zajac in Canucks zone.
12:59 of 1st period - Snap shot by Matt Stajan.
12:59 of 1st period - Shot Misses the Net.
13:01 of 1st period - Wrist shot by Danny DeKeiser.
13:01 of 1st period - Deflect By Patrick Kaleta.
13:01 of 1st period - Goal by Danny DeKeiser - Canucks : 3 - Blues : 1.
13:02 of 1st period - Nicklas Backstrom wins face-off versus Mike Ribeiro in neutral zone.
13:07 of 1st period - Wrist shot by Nicklas Backstrom.
13:07 of 1st period - Shot Misses the Net.
13:17 of 1st period - Backhand shot by Nicklas Backstrom.
13:17 of 1st period - Shot Misses the Net.
13:31 of 1st period - Slapshot by Alex Pietrangelo.
13:31 of 1st period - Deflect By Milan Michalek.
13:31 of 1st period - Shot Blocked by Steve Montador.
13:31 of 1st period - Puck is out of play.
13:32 of 1st period - Matt Stajan wins face-off versus Travis Zajac in Canucks zone.
13:49 of 1st period - Travis Zajac is hit by Matt Stajan and loses puck.
13:56 of 1st period - Matt Stajan is hit by Bryce Lampman and loses puck.
14:03 of 1st period - Slapshot by Alex Pietrangelo.
14:03 of 1st period - Deflect By Travis Zajac.
14:03 of 1st period - Goal by Travis Zajac - Canucks : 3 - Blues : 2.
14:04 of 1st period - Nicklas Backstrom wins face-off versus Mike Ribeiro in neutral zone.
14:29 of 1st period - Travis Zajac is hit by Jiri Hudler and loses puck.
14:43 of 1st period - Minor Penalty to Travis Zajac for Hooking.
14:44 of 1st period - Mike Ribeiro wins face-off versus Logan Couture in Blues zone.
14:56 of 1st period - Snap shot by Mike Ribeiro.
14:56 of 1st period - Stopped by Carey Price with a rebound.
14:58 of 1st period - Wrist shot by Mike Ribeiro.
14:58 of 1st period - Goal by Mike Ribeiro - Canucks : 4 - Blues : 2.
14:58 of 1st period - Ray Emery enters game.
14:59 of 1st period - Mike Ribeiro wins face-off versus Nicklas Backstrom in neutral zone.
15:18 of 1st period - Mike Ribeiro is hit by David Perron.
15:58 of 1st period - Snap shot by George Parros.
15:58 of 1st period - Stopped by Michal Neuvirth with a rebound.
16:00 of 1st period - Wrist shot by Tomas Plekanec.
16:00 of 1st period - Shot Misses the Net.
16:36 of 1st period - Snap shot by Nicklas Backstrom.
16:36 of 1st period - Stopped by Michal Neuvirth without a rebound.
16:37 of 1st period - Mike Ribeiro wins face-off versus Nicklas Backstrom in Canucks zone.
16:37 of 1st period - Mike Ribeiro is hit by Yann Sauvé.
16:47 of 1st period - Snap shot by Chris Higgins.
16:47 of 1st period - Shot Misses the Net.
16:49 of 1st period - Wrist shot by Mike Ribeiro.
16:49 of 1st period - Stopped by Ray Emery without a rebound.
16:50 of 1st period - Nicklas Backstrom wins face-off versus Mike Ribeiro in Blues zone.
16:59 of 1st period - Alex Goligoski is hit by Nicklas Backstrom and loses puck.
17:20 of 1st period - Snap shot by Clarke MacArthur.
17:20 of 1st period - Shot Misses the Net.
17:22 of 1st period - Snap shot by Jamie McBain.
17:22 of 1st period - Stopped by Ray Emery with a rebound.
17:24 of 1st period - Wrist shot by Jamie McBain.
17:24 of 1st period - Stopped by Ray Emery with a rebound.
17:26 of 1st period - Snap shot by Jiri Hudler.
17:26 of 1st period - Shot Misses the Net.
17:38 of 1st period - Snap shot by Tomas Plekanec.
17:38 of 1st period - Shot Misses the Net.
17:40 of 1st period - Slapshot by Nick Leddy.
17:40 of 1st period - Stopped by Michal Neuvirth with a rebound.
17:46 of 1st period - Snap shot by Tomas Plekanec.
17:46 of 1st period - Stopped by Michal Neuvirth without a rebound.
17:47 of 1st period - Chris Higgins wins face-off versus Jason Pominville in Canucks zone.
17:52 of 1st period - Slapshot by Alex Goligoski.
17:52 of 1st period - Shot Blocked by Alex Pietrangelo.
18:04 of 1st period - Snap shot by David Perron.
18:04 of 1st period - Shot Blocked by Steve Montador.
18:16 of 1st period - Slapshot by Steve Montador.
18:16 of 1st period - Stopped by Ray Emery with a rebound.
18:34 of 1st period - Wrist shot by Filip Forsberg.
18:34 of 1st period - Shot Misses the Net.
18:36 of 1st period - Slapshot by Cody Ceci.
18:36 of 1st period - Stopped by Michal Neuvirth with a rebound.
18:51 of 1st period - Icing by Cody Ceci.
18:52 of 1st period - Tomas Plekanec wins face-off versus Nik Antropov in Blues zone.
18:57 of 1st period - Slapshot by Linus Omark.
18:57 of 1st period - Shot Misses the Net.
19:07 of 1st period - Snap shot by Jamie McBain.
19:07 of 1st period - Shot Blocked by Tomas Plekanec.
Goals for this period are 4 for Canucks vs 2 for Blues.
Shots for this period are 12 for Canucks vs 10 for Blues.
2nd period
0:01 of 2nd period - Nicklas Backstrom wins face-off versus Mike Ribeiro in neutral zone.
0:28 of 2nd period - Snap shot by Travis Zajac.
0:28 of 2nd period - Stopped by Michal Neuvirth with a rebound.
1:29 of 2nd period - Alex Pietrangelo is hit by Chris Campoli and loses puck.
1:50 of 2nd period - Jamie McBain is hit by Travis Zajac and loses puck.
1:55 of 2nd period - Wrist shot by Sergei Shirokov.
1:55 of 2nd period - Stopped by Michal Neuvirth with a rebound.
1:57 of 2nd period - Slapshot by Sergei Shirokov.
1:57 of 2nd period - Stopped by Michal Neuvirth without a rebound.
1:58 of 2nd period - Matt Stajan wins face-off versus Travis Zajac in Canucks zone.
1:58 of 2nd period - Matt Stajan is hit by Yann Sauvé.
2:29 of 2nd period - Snap shot by Mike Ribeiro.
2:29 of 2nd period - Shot Misses the Net.
3:01 of 2nd period - Wrist shot by Martins Karsums.
3:01 of 2nd period - Stopped by Ray Emery with a rebound.
3:19 of 2nd period - Snap shot by Travis Zajac.
3:19 of 2nd period - Shot Misses the Net.
3:21 of 2nd period - Wrist shot by Alex Pietrangelo.
3:21 of 2nd period - Shot Blocked by Jamie McBain.
3:23 of 2nd period - Snap shot by Travis Zajac.
3:23 of 2nd period - Goal by Travis Zajac - Canucks : 4 - Blues : 3.
3:24 of 2nd period - Travis Zajac wins face-off versus Mike Ribeiro in neutral zone.
3:39 of 2nd period - Slapshot by Jamie McBain.
3:39 of 2nd period - Stopped by Ray Emery with a rebound.
3:53 of 2nd period - Snap shot by Clarke MacArthur.
3:53 of 2nd period - Stopped by Ray Emery with a rebound.
3:55 of 2nd period - Snap shot by Matt Stajan.
3:55 of 2nd period - Goal by Matt Stajan - Canucks : 5 - Blues : 3.
3:56 of 2nd period - Nicklas Backstrom wins face-off versus Brad Boyes in neutral zone.
4:00 of 2nd period - Off-side.
4:01 of 2nd period - Mike Ribeiro wins face-off versus Nicklas Backstrom in neutral zone.
4:06 of 2nd period - Snap shot by Mike Ribeiro.
4:06 of 2nd period - Stopped by Ray Emery without a rebound.
4:07 of 2nd period - Mike Ribeiro wins face-off versus Nicklas Backstrom in Blues zone.
4:14 of 2nd period - Wrist shot by Jason Pominville.
4:14 of 2nd period - Goal by Jason Pominville - Canucks : 5 - Blues : 4.
4:15 of 2nd period - Mike Ribeiro wins face-off versus Nicklas Backstrom in neutral zone.
4:24 of 2nd period - Wrist shot by Chris Higgins.
4:24 of 2nd period - Shot Misses the Net.
5:45 of 2nd period - Jamie McBain is hit by Jason Pominville.
6:18 of 2nd period - Patrick Kaleta is hit by Chris Campoli and loses puck.
6:23 of 2nd period - Snap shot by Johan Franzen.
6:23 of 2nd period - Shot Misses the Net.
6:25 of 2nd period - Snap shot by Ryan Hollweg.
6:25 of 2nd period - Stopped by Ray Emery with a rebound.
6:35 of 2nd period - Martins Karsums is hit by Yann Sauvé and loses puck.
6:58 of 2nd period - Steve Montador is hit by Alex Pietrangelo.
7:02 of 2nd period - Alex Goligoski is hit by Linus Omark and loses puck.
7:43 of 2nd period - Wrist shot by Logan Couture.
7:43 of 2nd period - Stopped by Michal Neuvirth without a rebound.
7:44 of 2nd period - Mike Ribeiro wins face-off versus Logan Couture in Canucks zone.
7:44 of 2nd period - Mike Ribeiro is hit by Patrick Kaleta.
8:01 of 2nd period - Minor Penalty to Filip Forsberg for Elbowing.
8:02 of 2nd period - Mike Ribeiro wins face-off versus Logan Couture in Blues zone.
8:14 of 2nd period - Alex Pietrangelo is hit by Jamie McBain and loses puck.
8:39 of 2nd period - Snap shot by Clarke MacArthur.
8:39 of 2nd period - Stopped by Ray Emery without a rebound.
8:40 of 2nd period - Mike Ribeiro wins face-off versus Logan Couture in Blues zone.
8:41 of 2nd period - Snap shot by Brad Boyes.
8:41 of 2nd period - Goal by Brad Boyes - Canucks : 6 - Blues : 4.
8:42 of 2nd period - Mike Ribeiro wins face-off versus Nicklas Backstrom in neutral zone.
8:58 of 2nd period - Slapshot by Alex Pietrangelo.
8:58 of 2nd period - Stopped by Michal Neuvirth without a rebound.
8:59 of 2nd period - Jiri Hudler wins face-off versus Travis Zajac in Canucks zone.
9:46 of 2nd period - Minor Penalty to David Perron for Hooking.
9:47 of 2nd period - Mike Ribeiro wins face-off versus Logan Couture in Blues zone.
10:02 of 2nd period - Wrist shot by Chris Higgins.
10:02 of 2nd period - Deflect By Brad Boyes.
10:02 of 2nd period - Goal by Brad Boyes - Canucks : 7 - Blues : 4.
10:03 of 2nd period - Nicklas Backstrom wins face-off versus Mike Ribeiro in neutral zone.
10:20 of 2nd period - Slapshot by Alex Pietrangelo.
10:20 of 2nd period - Shot Misses the Net.
10:30 of 2nd period - Sergei Shirokov is hit by Steve Montador and loses puck.
10:41 of 2nd period - Slapshot by Alex Pietrangelo.
10:41 of 2nd period - Deflect By Clarke MacArthur.
10:41 of 2nd period - Stopped by Michal Neuvirth with a rebound.
10:57 of 2nd period - Wrist shot by Filip Forsberg.
10:57 of 2nd period - Shot Misses the Net.
10:59 of 2nd period - Snap shot by Logan Couture.
10:59 of 2nd period - Shot Blocked by Jamie McBain.
11:11 of 2nd period - Slapshot by Jamie McBain.
11:11 of 2nd period - Stopped by Ray Emery without a rebound.
11:12 of 2nd period - Nik Antropov wins face-off versus Tomas Plekanec in Blues zone.
11:27 of 2nd period - Snap shot by Nik Antropov.
11:27 of 2nd period - Stopped by Ray Emery with a rebound.
11:33 of 2nd period - Nik Antropov is hit by Jake Gardiner and loses puck.
11:42 of 2nd period - Snap shot by Tomas Plekanec.
11:42 of 2nd period - Stopped by Michal Neuvirth without a rebound.
11:43 of 2nd period - Mike Ribeiro wins face-off versus Jason Pominville in Canucks zone.
13:34 of 2nd period - Wrist shot by Ryan Hollweg.
13:34 of 2nd period - Stopped by Ray Emery with a rebound.
13:54 of 2nd period - Wrist shot by Patrick Kaleta.
13:54 of 2nd period - Stopped by Michal Neuvirth with a rebound.
13:56 of 2nd period - Snap shot by Patrick Kaleta.
13:56 of 2nd period - Stopped by Michal Neuvirth without a rebound.
13:57 of 2nd period - Maxim Lapierre wins face-off versus Nicklas Backstrom in Canucks zone.
14:34 of 2nd period - Slapshot by Alex Pietrangelo.
14:34 of 2nd period - Deflect By Milan Michalek.
14:34 of 2nd period - Stopped by Michal Neuvirth with a rebound.
15:52 of 2nd period - Slapshot by Sergei Shirokov.
15:52 of 2nd period - Shot Misses the Net.
16:40 of 2nd period - Snap shot by Ryan Hollweg.
16:40 of 2nd period - Shot Blocked by Jake Gardiner.
16:46 of 2nd period - Minor Penalty to Jason Pominville for Interference.
16:47 of 2nd period - Mike Ribeiro wins face-off versus Logan Couture in Blues zone.
16:57 of 2nd period - Off-side.
16:58 of 2nd period - Logan Couture wins face-off versus Mike Ribeiro in neutral zone.
17:09 of 2nd period - Logan Couture is hit by Chris Higgins and loses puck.
18:46 of 2nd period - Penalty to Jason Pominville is over, Jason Pominville is back on ice.
18:51 of 2nd period - Nicklas Backstrom is hit by Martins Karsums and loses puck.
19:20 of 2nd period - Wrist shot by Tomas Plekanec.
19:20 of 2nd period - Shot Misses the Net.
Goals for this period are 3 for Canucks vs 2 for Blues.
Shots for this period are 12 for Canucks vs 12 for Blues.
3rd period
0:01 of 3rd period - Mike Ribeiro wins face-off versus Nicklas Backstrom in neutral zone.
0:10 of 3rd period - Snap shot by Chris Higgins.
0:10 of 3rd period - Stopped by Ray Emery without a rebound.
0:11 of 3rd period - Jason Pominville wins face-off versus Mike Ribeiro in Blues zone.
0:11 of 3rd period - Jason Pominville is hit by Mike Ribeiro.
0:27 of 3rd period - Slapshot by David Perron.
0:27 of 3rd period - Shot Misses the Net.
1:52 of 3rd period - Snap shot by Brad Boyes.
1:52 of 3rd period - Shot Misses the Net.
1:58 of 3rd period - Mike Ribeiro is hit by Tomas Plekanec and loses puck.
2:11 of 3rd period - Wrist shot by Logan Couture.
2:11 of 3rd period - Shot Misses the Net.
2:13 of 3rd period - Wrist shot by Yann Sauvé.
2:13 of 3rd period - Stopped by Michal Neuvirth with a rebound.
2:15 of 3rd period - Slapshot by Yann Sauvé.
2:15 of 3rd period - Stopped by Michal Neuvirth without a rebound.
2:16 of 3rd period - Matt Stajan wins face-off versus Logan Couture in Canucks zone.
2:16 of 3rd period - Matt Stajan is hit by Patrick Kaleta.
2:21 of 3rd period - Clarke MacArthur is hit by Patrick Kaleta and loses puck.
2:26 of 3rd period - Matt Stajan is hit by Filip Forsberg and loses puck.
2:31 of 3rd period - Snap shot by Filip Forsberg.
2:31 of 3rd period - Stopped by Michal Neuvirth with a rebound.
2:33 of 3rd period - Snap shot by Patrick Kaleta.
2:33 of 3rd period - Goal by Patrick Kaleta - Canucks : 7 - Blues : 5.
2:34 of 3rd period - Mike Ribeiro wins face-off versus Nicklas Backstrom in neutral zone.
2:59 of 3rd period - Steve Montador is hit by Milan Michalek and loses puck.
3:59 of 3rd period - Chris Higgins is hit by David Perron and loses puck.
4:04 of 3rd period - Slapshot by Nicklas Backstrom.
4:04 of 3rd period - Shot Misses the Net.
4:06 of 3rd period - Slapshot by David Perron.
4:06 of 3rd period - Stopped by Michal Neuvirth without a rebound.
4:07 of 3rd period - Nicklas Backstrom wins face-off versus Matt Stajan in Canucks zone.
4:42 of 3rd period - Wrist shot by Martins Karsums.
4:42 of 3rd period - Shot Misses the Net.
4:44 of 3rd period - Slapshot by Alex Goligoski.
4:44 of 3rd period - Shot Misses the Net.
4:54 of 3rd period - Minor Penalty to Jake Gardiner for Holding.
4:55 of 3rd period - Mike Ribeiro wins face-off versus Logan Couture in Blues zone.
5:10 of 3rd period - Slapshot by Mike Ribeiro.
5:10 of 3rd period - Stopped by Ray Emery without a rebound.
5:11 of 3rd period - Patrick Kaleta wins face-off versus Mike Ribeiro in Blues zone.
6:54 of 3rd period - Penalty to Jake Gardiner is over, Jake Gardiner is back on ice.
7:38 of 3rd period - Jamie McBain is hit by Alex Pietrangelo and loses puck.
8:33 of 3rd period - Icing by Ladislav Smid.
8:34 of 3rd period - Nicklas Backstrom wins face-off versus Nik Antropov in Canucks zone.
8:49 of 3rd period - Snap shot by Filip Forsberg.
8:49 of 3rd period - Shot Misses the Net.
8:51 of 3rd period - Wrist shot by Bryce Lampman.
8:51 of 3rd period - Stopped by Michal Neuvirth with a rebound.
8:53 of 3rd period - Slapshot by Nick Leddy.
8:53 of 3rd period - Deflect By Logan Couture.
8:53 of 3rd period - Shot Blocked by Chris Higgins.
8:53 of 3rd period - Puck is out of play.
8:54 of 3rd period - Nicklas Backstrom wins face-off versus Chris Higgins in Canucks zone.
9:29 of 3rd period - Snap shot by Patrick Kaleta.
9:29 of 3rd period - Stopped by Michal Neuvirth without a rebound.
9:30 of 3rd period - Sergei Shirokov wins face-off versus Matt Stajan in Canucks zone.
9:45 of 3rd period - Wrist shot by Sergei Shirokov.
9:45 of 3rd period - Stopped by Michal Neuvirth with a rebound.
9:47 of 3rd period - Wrist shot by Sergei Shirokov.
9:47 of 3rd period - Shot Misses the Net.
10:04 of 3rd period - Slapshot by Ladislav Smid.
10:04 of 3rd period - Deflect By Nicklas Backstrom.
10:04 of 3rd period - Stopped by Ray Emery with a rebound.
10:06 of 3rd period - Slapshot by Peter Worrell.
10:06 of 3rd period - Shot Blocked by Jason Pominville.
10:08 of 3rd period - Wrist shot by Martins Karsums.
10:08 of 3rd period - Shot Misses the Net.
11:26 of 3rd period - Alex Goligoski is hit by Jake Gardiner and loses puck.
12:29 of 3rd period - Milan Michalek is hit by Brad Boyes and loses puck.
12:58 of 3rd period - Snap shot by Jason Pominville.
12:58 of 3rd period - Goal by Jason Pominville - Canucks : 7 - Blues : 6.
12:59 of 3rd period - Mike Ribeiro wins face-off versus Nicklas Backstrom in neutral zone.
13:14 of 3rd period - Slapshot by Alex Goligoski.
13:14 of 3rd period - Goal by Alex Goligoski - Canucks : 8 - Blues : 6.
13:15 of 3rd period - Mike Ribeiro wins face-off versus Nicklas Backstrom in neutral zone.
14:03 of 3rd period - Minor Penalty to Nick Leddy for Hooking.
14:04 of 3rd period - Mike Ribeiro wins face-off versus Logan Couture in Blues zone.
14:04 of 3rd period - Wrist shot by Alex Goligoski.
14:04 of 3rd period - Stopped by Ray Emery without a rebound.
14:05 of 3rd period - Mike Ribeiro wins face-off versus Patrick Kaleta in Blues zone.
14:12 of 3rd period - Snap shot by Jamie McBain.
14:12 of 3rd period - Deflect By Alex Pietrangelo.
14:12 of 3rd period - Goal by Jamie McBain - Canucks : 9 - Blues : 6.
14:13 of 3rd period - Mike Ribeiro wins face-off versus Nicklas Backstrom in neutral zone.
15:01 of 3rd period - Wrist shot by Filip Forsberg.
15:01 of 3rd period - Shot Misses the Net.
15:03 of 3rd period - Snap shot by Filip Forsberg.
15:03 of 3rd period - Stopped by Michal Neuvirth without a rebound.
15:04 of 3rd period - Nicklas Backstrom wins face-off versus Maxim Lapierre in Canucks zone.
15:05 of 3rd period - Snap shot by David Perron.
15:05 of 3rd period - Stopped by Michal Neuvirth with a rebound.
15:07 of 3rd period - Slapshot by Nick Leddy.
15:07 of 3rd period - Shot Misses the Net.
15:15 of 3rd period - Wrist shot by Nicklas Backstrom.
15:15 of 3rd period - Stopped by Michal Neuvirth with a rebound.
15:31 of 3rd period - Nick Leddy is hit by Mike Ribeiro and loses puck.
15:40 of 3rd period - Bryce Lampman is hit by Chris Higgins and loses puck.
15:55 of 3rd period - Slapshot by Jiri Hudler.
15:55 of 3rd period - Shot Misses the Net.
15:57 of 3rd period - Slapshot by Chris Campoli.
15:57 of 3rd period - Shot Misses the Net.
15:59 of 3rd period - Slapshot by Chris Campoli.
15:59 of 3rd period - Stopped by Ray Emery with a rebound.
16:01 of 3rd period - Wrist shot by Matt Stajan.
16:01 of 3rd period - Stopped by Ray Emery with a rebound.
16:29 of 3rd period - Ladislav Smid is hit by Linus Omark and loses puck.
17:06 of 3rd period - Snap shot by Chris Higgins.
17:06 of 3rd period - Deflect By Mike Ribeiro.
17:06 of 3rd period - Stopped by Ray Emery without a rebound.
17:07 of 3rd period - Mike Ribeiro wins face-off versus Travis Zajac in Blues zone.
17:16 of 3rd period - Slapshot by Mike Ribeiro.
17:16 of 3rd period - Deflect By Chris Higgins.
17:16 of 3rd period - Stopped by Ray Emery with a rebound.
17:24 of 3rd period - Wrist shot by Chris Higgins.
17:24 of 3rd period - Shot Blocked by Milan Michalek.
17:28 of 3rd period - Backhand shot by Brad Boyes.
17:28 of 3rd period - Stopped by Ray Emery with a rebound.
18:24 of 3rd period - Snap shot by Brad Boyes.
18:24 of 3rd period - Stopped by Ray Emery without a rebound.
18:25 of 3rd period - Matt Stajan wins face-off versus Nicklas Backstrom in Blues zone.
18:36 of 3rd period - Wrist shot by Alex Goligoski.
18:36 of 3rd period - Stopped by Ray Emery with a rebound.
19:31 of 3rd period - Bryce Lampman is hit by Nik Antropov and loses puck.
Goals for this period are 2 for Canucks vs 2 for Blues.
Shots for this period are 13 for Canucks vs 12 for Blues.
Back to the Top